 Seeded DCSS version 0.28.0-53-g5a82cb258f (webtiles) character file.

Game seed: 1 (custom seed)

15471 Kazon the Carver (level 12, -31/94 HPs)
             Began as a Human Fighter on July 12, 2022.
             Was a High Priest of Okawaru.
             Annihilated by a titanic slime creature (92 damage)
             ... on level 12 of the Dungeon.
             The game lasted 00:57:09 (12004 turns).

Kazon the Carver (Human Fighter)                   Turns: 12004, Time: 00:57:10

Health: -31/94     AC: 11    Str: 28    XL:     12   Next: 58%
Magic:  11/18      EV: 14    Int:  9    God:    Okawaru [*****.]
Gold:   756        SH: 19    Dex: 12    Spells: 11/11 levels left

rFire   . . .      SeeInvis .   s - +1 demon blade (venom)
rCold   . . .      Faith    .   c - +2 kite shield
rNeg    . . .      Spirit   .   N - +0 troll leather armour
rPois   .          Reflect  +   (helmet restricted)
rElec   .          Harm     .   L - +2 cloak
rCorr   +          Rampage  .   k - +0 pair of gloves
Will    .....                   (no boots)
Stlth   ++++......              o - amulet of reflection
HPRegen 1.05/turn               p - +6 ring of strength
MPRegen 0.16/turn               G - ring of resist corrosion

@: heroic, finesse-ful, studying 2 skills
A: horns 1
a: Renounce Religion, Heroism, Finesse, Duel


You were on level 12 of the Dungeon.
You worshipped Okawaru.
Okawaru was extremely pleased with you.
You visited 1 branch of the dungeon, and saw 12 of its levels.
You also visited: Bailey.

You collected 756 gold pieces.

Inventory:

Hand Weapons
 e - the +7 dagger of Royalism {flame, rN+}
   (You found it on level 6 of the Dungeon)

   It burns those it strikes, dealing additional fire damage.
   rN:        It protects you from negative energy.
 s - a +1 demon blade of venom (weapon)
 v - a +2 dagger of venom
 w - a +2 vorpal fustibalus
Missiles
 b - 13 sling bullets
 n - 8 curare-tipped darts
 t - 17 boomerangs (quivered)
 y - 25 poisoned darts
 E - 3 atropa-tipped darts
 F - 5 throwing nets
 K - 6 silver boomerangs
Armour
 c - a +2 kite shield (worn)
 g - the +1 leather armour of Death's Door {rC+ rN+ Int+3}
   (You found it on level 12 of the Dungeon)

   Int:       It affects your intelligence (+3).
   rC:        It protects you from cold.
   rN:        It protects you from negative energy.
 k - a +0 pair of gloves (worn)
 x - a +1 chain mail of cold resistance
 B - the +9 scale mail of Vibidit {Dex+3}
   (You found it on level 6 of the Dungeon)

   Dex:       It affects your dexterity (+3).
 L - a +2 cloak (worn)
 N - a +0 troll leather armour (worn)
Jewellery
 a - a ring of fire
 j - a ring of wizardry
 o - an amulet of reflection (around neck)
 p - a +6 ring of strength (left hand)
 z - a ring of protection from cold
 G - a ring of resist corrosion (right hand)
 R - a ring of ice
 V - a ring of protection from fire
 W - a ring of flight
Wands
 A - a wand of flame (14)
 H - a wand of acid (4)
 J - a wand of iceblast (10)
 S - a wand of paralysis (4)
Scrolls
 d - 2 scrolls of summoning {unknown}
 h - 3 scrolls of magic mapping {unknown}
 i - a scroll of identify
 l - 4 scrolls of vulnerability {unknown}
 r - 8 scrolls of teleportation {unknown}
 u - a scroll of fog {unknown}
 I - a scroll of enchant weapon {unknown}
 M - a scroll of brand weapon {unknown}
 O - a scroll of fear {unknown}
 P - 5 scrolls of blinking {unknown}
 T - a scroll of immolation {unknown}
Potions
 f - 11 potions of curing
 m - 5 potions of mutation
 q - 3 potions of heal wounds
 C - 2 potions of lignification
 D - 2 potions of haste
 Q - a potion of cancellation {unknown}
 X - a potion of might
Miscellaneous
 U - a tin of tremorstones (2/2)


   Skills:
 * Level 8.7(13.7) Fighting
 + Level 2.5(13.6) Short Blades
 + Level 12.7(17.8) Long Blades
 + Level 4.8(9.8) Throwing
 + Level 6.4(11.4) Armour
 + Level 4.1(9.1) Dodging
 + Level 4.3(9.3) Stealth
 + Level 7.5(12.5) Shields
 * Level 8.0 Invocations
 * Level 6.0 Evocations


You had 11 spell levels left.
You didn't know any spells.
Your spell library contained the following spells:

 Spells                   Type           Power      Damage    Failure   Level
 Blink                    Tloc           0%         N/A       80%         2
 Lesser Beckoning         Tloc           0%         N/A       95%         3
 Blade Hands              Tmut           0%         N/A       100%        5
 Irradiate                Conj/Tmut      0%         3d13      100%        5
 Manifold Assault         Tloc           0%         N/A       100%        5
 Dragon Form              Tmut           0%         N/A       100%        7


Dungeon Overview and Level Annotations

Branches:
Dungeon (12/15)            Temple (0/1) D:7            Lair (0/6) D:10
 Bailey (visited)
    Orc: D:9-12

Altars:
Okawaru
Ru
Zin
The Shining One

Shops:
D:5 (*

Annotations:
D:3 3 runed translucent doors, angelusfrater's ghost, amateur MiFi


Innate Abilities, Weirdness & Mutations

You have a pair of small horns on your head.


Message History

The orc priest mumbles some strange prayers to Beogh against you.
Beogh smites you!
Two slime creatures merge to form an enormous slime creature.
You gain the combat prowess of a mighty hero.
You can now deal lightning-fast blows.
The orc priest calls down the wrath of Beogh upon you.
Beogh smites you!
Two slime creatures merge to form a titanic slime creature.
Throw: 18 boomerangs
Press: ? - help, Q - select action, (/) - cycle Shift-Dir - straight line, f - titanic slime creature
Aim: a titanic slime creature (moderately wounded, very poisoned, 85% to hit)
You throw a boomerang.
The boomerang barely misses the titanic slime creature.
The orc priest invokes the aid of Beogh against you.
Beogh smites you!
Throw: 17 boomerangs
Press: ? - help, Q - select action, (/) - cycle Shift-Dir - straight line, f/p - titanic slime creature
Aim: a titanic slime creature (moderately wounded, very poisoned, 85% to hit)
You throw a boomerang.
The boomerang hits the titanic slime creature.
The titanic slime creature is moderately wounded.
Throw: 17 boomerangs
Press: ? - help, Q - select action, (/) - cycle Shift-Dir - straight line, f/p - titanic slime creature
Aim: a titanic slime creature (moderately wounded, very poisoned, 85% to hit)
You throw a boomerang.
The boomerang hits the titanic slime creature but does no damage.
The titanic slime creature is moderately wounded.
Throw: 17 boomerangs
Press: ? - help, Q - select action, (/) - cycle Shift-Dir - straight line, f/p - titanic slime creature
Aim: a titanic slime creature (moderately wounded, very poisoned, 85% to hit)
You throw a boomerang.
The boomerang hits the titanic slime creature!
The titanic slime creature is moderately wounded.
You block the titanic slime creature's attack.
The orc priest begins to cast a cantrip, but forgets the words!
You slash the titanic slime creature!
The titanic slime creature is moderately wounded.
The titanic slime creature hits you!!!!
Ouch! That really hurt!
You die...

#.......#
#.....
#.......#
#.....
#.......#
#.....
#.......#
#.....
##.......#
#.....
######..'######
######
...$...#.#
######..# #@##
#J#


.oJ #.... #..o(. ......# #.....# #.....# You could see a titanic slime creature
(very poisoned), a slime creature, an orc warrior and an orc priest.

Vanquished Creatures
  Harold (D:7)
  A hydra (D:11)
  A centaur warrior (D:11)
  A death knight (D:8)
  3 two-headed ogres
  A skeletal warrior (D:8)
  2 phantasmal warriors (D:8)
  An orc knight (Bailey)
  A cyclops (D:11)
  An ugly thing (D:8)
  Maurice (D:10)
  A gargoyle (D:11)
  A kobold demonologist (D:12)
  2 trolls (D:10)
  Grinder (D:3)
  A meliai zombie (D:10)
  A shadow (D:11)
  3 wraiths
  A steam dragon (D:7)
  A water moccasin (D:5)
  3 black bears
  3 sky beasts (D:6)
  10 orc warriors
  An ice beast (D:5)
  3 ogres
  A necrophage (D:8)
  3 wolves (D:10)
  12 centaurs
  A phantom (D:6)
  2 kobold brigands
  6 bullfrogs
  4 gnoll sergeants (D:10)
  A water moccasin zombie (D:5)
  A scorpion (D:4)
  A wyvern skeleton (D:5)
  4 killer bees (D:9)
  A water moccasin skeleton (D:7)
  8 electric eels
  5 howler monkeys
  A bullfrog zombie (D:5)
  11 hounds
  3 gnoll shamans
  2 jellies
  3 orc priests
  A centaur zombie (D:9)
  A centaur skeleton (D:3)
  Terence (D:2)
  5 iguanas
  3 orc wizards
  A killer bee zombie (D:8)
  A hound zombie (D:5)
  A hound skeleton (D:4)
  31 gnolls
  4 adders
  A shadow imp (D:6)
  A dart slug (D:1)
  43 orcs
  7 ball pythons
  6 endoplasms
  5 giant cockroaches
  18 goblins
  17 hobgoblins
  18 jackals
  18 kobolds
  A quokka (D:3)
  10 bats
  A frilled lizard (D:3)
  5 rats
316 creatures vanquished.

Vanquished Creatures (others)
  56 plants
56 creatures vanquished.

Grand Total: 372 creatures vanquished

Notes
Turn   | Place    | Note
-------+----------+-------------------------------------------
     0 | D:1      | Kazon the Human Fighter began the quest for the Orb.
     0 | D:1      | Reached XP level 1. HP: 18/18 MP: 1/1
    87 | D:1      | Reached XP level 2. HP: 7/24 MP: 2/2
   467 | D:1      | Found a faded altar of an unknown god.
   943 | D:1      | Reached XP level 3. HP: 29/29 MP: 3/3
  1188 | D:2      | Noticed Terence
  1204 | D:2      | Killed Terence
  1205 | D:2      | Reached XP level 4. HP: 6/35 MP: 4/4
  1355 | D:2      | Gained mutation: You have a pair of small horns on your
                  | head. [potion of mutation]
  1862 | D:3      | Found a runed translucent gate.
  1862 | D:3      | Found a runed translucent gate.
  1863 | D:3      | Found a runed translucent gate.
  1866 | D:3      | Noticed angelusfrater's ghost (amateur MiFi)
  1898 | D:3      | Reached skill level 3 in Long Blades
  1947 | D:3      | Reached skill level 1 in Throwing
  1947 | D:3      | Reached XP level 5. HP: 35/41 MP: 5/5
  1980 | D:3      | Identified a scroll of acquirement
  1980 | D:3      | Acquired a manual of Long Blades
  2113 | D:3      | Reached skill level 4 in Long Blades
  2368 | D:3      | Noticed Grinder
  2376 | D:3      | Paralysed by Grinder for 5 turns
  2398 | D:3      | Reached skill level 1 in Dodging
  2398 | D:3      | Reached XP level 6. HP: 26/48 MP: 6/6
  2424 | D:3      | Paralysed by Grinder for 3 turns
  2436 | D:3      | Paralysed by Grinder for 7 turns
  2444 | D:3      | Killed Grinder
  2445 | D:3      | Reached skill level 5 in Long Blades
  2445 | D:3      | Reached XP level 7. HP: 10/54 MP: 7/7
  3248 | D:4      | Found an iron altar of Okawaru.
  3251 | D:4      | Became a worshipper of Warmaster Okawaru
  3575 | D:4      | Reached skill level 6 in Long Blades
  3575 | D:4      | Reached skill level 1 in Stealth
  3612 | D:4      | Reached skill level 1 in Invocations
  3839 | D:4      | Reached XP level 8. HP: 56/61 MP: 7/9
  3922 | D:4      | Reached * piety under Okawaru
  3990 | D:5      | Entered Level 5 of the Dungeon
  4089 | D:5      | Reached skill level 7 in Long Blades
  4491 | D:5      | Reached ** piety under Okawaru
  4505 | D:5      | Reached skill level 5 in Fighting
  4615 | D:5      | Found Ludor's Weapon Boutique.
  4641 | D:5      | Reached XP level 9. HP: 57/68 MP: 9/11
  4877 | D:5      | Found Ebynu's Overcharged Wands.
  4902 | D:5      | Reached skill level 8 in Long Blades
  5627 | D:6      | Identified the +7 dagger of Royalism {flame, rN+}
  5783 | D:6      | Reached skill level 5 in Armour
  6101 | D:6      | Identified the +9 scale mail of Vibidit {Dex+3}
  6194 | D:6      | Reached *** piety under Okawaru
  6231 | D:6      | Reached skill level 1 in Short Blades
  6259 | D:6      | Reached skill level 1 in Evocations
  6532 | D:7      | Found a flagged portal.
  6556 | Bailey   | Entered a bailey
  6592 | Bailey   | Noticed an orc knight
  6616 | Bailey   | Killed an orc knight
  6617 | Bailey   | Reached skill level 5 in Shields
  6617 | Bailey   | Reached XP level 10. HP: 47/76 MP: 11/13
  6625 | Bailey   | Acquired a +1 demon blade of venom
  6907 | Bailey   | Reached skill level 9 in Long Blades
  6913 | Bailey   | Reached **** piety under Okawaru
  6933 | Bailey   | Reached skill level 5 in Invocations
  6934 | Bailey   | Noticed an orc knight
  7777 | Bailey   | Found an iron altar of Okawaru.
  7779 | Bailey   | Noticed an orc high priest
  7780 | Bailey   | Noticed a soul eater
  7781 | Bailey   | Noticed a kobold demonologist
  7784 | Bailey   | Noticed a rust devil
  7786 | Bailey   | Noticed a sixfirhy
  7787 | Bailey   | Noticed a sixfirhy
  7884 | D:7      | Noticed Harold
  7900 | D:7      | Killed Harold
  8171 | D:7      | Reached skill level 10 in Long Blades
  8526 | D:7      | Found a staircase to the Ecumenical Temple.
  8718 | D:8      | Noticed a red ugly thing
  8731 | D:8      | Killed a red ugly thing
  8732 | D:8      | Reached XP level 11. HP: 83/83 MP: 15/15
  8744 | D:8      | Found a sacrificial altar of Ru.
  8952 | D:8      | Noticed a phantasmal warrior
  8953 | D:8      | Noticed a skeletal warrior
  8955 | D:8      | Noticed a phantasmal warrior
  8983 | D:8      | Killed a phantasmal warrior
  8984 | D:8      | Reached skill level 11 in Long Blades
  8986 | D:8      | Killed a phantasmal warrior
  8986 | D:8      | Reached ***** piety under Okawaru
  8988 | D:8      | HP: 3/84 [skeletal warrior/+0 flail[a death knight] (16)]
  9005 | D:8      | Killed a skeletal warrior
  9284 | D:8      | Noticed a death knight
  9296 | D:8      | Killed a death knight
 10111 | D:8      | Found a glowing silver altar of Zin.
 10111 | D:8      | Found a glowing golden altar of the Shining One.
 10201 | D:10     | Entered Level 10 of the Dungeon
 10201 | D:10     | Noticed a two-headed ogre
 10209 | D:10     | Killed a two-headed ogre
 10209 | D:10     | Identified the +1 chain mail of the True Pharaoh {Dex+4}
                  | (Okawaru gifted it to you on level 10 of the Dungeon)
 10209 | D:10     | Received a gift from Okawaru
 10349 | D:10     | Noticed a two-headed ogre
 10369 | D:10     | Killed a two-headed ogre
 10370 | D:10     | Reached skill level 12 in Long Blades
 10370 | D:10     | Reached skill level 5 in Evocations
 10671 | D:10     | Noticed Maurice
 10685 | D:10     | Killed Maurice
 10686 | D:10     | Reached XP level 12. HP: 82/92 MP: 17/17
 11029 | D:10     | Found a staircase to the Lair.
 11443 | D:11     | Noticed a centaur warrior
 11452 | D:11     | Killed a centaur warrior
 11644 | D:11     | Noticed a two-headed ogre
 11655 | D:11     | Killed a two-headed ogre
 11783 | D:11     | Noticed a four-headed hydra
 11794 | D:11     | Killed a four-headed hydra
 11794 | D:11     | Received a gift from Okawaru
 11934 | D:12     | Identified the +1 leather armour of Death's Door {rC+ rN+
                  | Int+3}
 12004 | D:12     | Annihilated by a titanic slime creature

Illustrated notes

Levels and vault maps discovered:
D:1:      zelgadis_glass_arrival_small, layout_basic,
          dreamdust_ecumenical_altar_grove
D:2:      layout_rooms, uniq_terence
D:3:      layout_basic, gammafunk_ghost_necromancy, uniq_grinder, uniq_sigmund
D:4:      layout_loops_cross, kennysheep_mini_moat
D:5:      layout_cave_pools, serial_bayou, serial_bayou_pond_d,
          serial_bayou_lagoon_b, serial_bayou_crossing, serial_bayou_pond_a,
          serial_bayou_lagoon_a, serial_shops, shop,
          nicolae_shop_overcharged_wands
D:6:      corexii_shack_village, layout_cave_pools
D:7:      layout_loops_ring, temple_hall, enter_bailey_4, uniq_harold
D:8:      layout_basic, nicolae_overflow_hidden_temple, st_stairs_10
D:9:      layout_irregular_city
D:10:     layout_cave_pools, erik_lair_island, serial_gnoll_camp,
          gnoll_camp_mini_loothouse, gnoll_camp_medium_01,
          gnoll_camp_mini_house, gnoll_camp_huts_basic, uniq_maurice
D:11:     layout_irregular_city
D:12:     layout_roguey, erik_orc_3, chei_slow_surprise

Skill      XL: |  1  2  3  4  5  6  7  8  9 10 11 12 |
---------------+-------------------------------------+-----
Long Blades    | 3 4 5 6 7 8 10 12 | 12.7
Throwing       | 1 2 3 4 |  4.8
Dodging        | 1 2 3 4 |  4.1
Fighting       | 4 5 6 7 8 |  8.7
Armour         | 4 5 6 |  6.4
Shields        | 4 5 6 7 |  7.5
Stealth        | 1 3 4 |  4.3
Invocations    | 1 2 4 5 7 8 |  8.0
Short Blades   | 2 |  2.5
Evocations     | 1 3 5 6 |  6.0

Action                   |  1- 3 |  4- 6 |  7- 9 | 10-12 || total
-------------------------+-------+-------+-------+-------++-------
Melee: Long sword        |    82 |   110 |   224 |       ||   416
       Headbutt          |       |    18 |    51 |   114 ||   183
       Dagger            |       |       |   116 |    10 ||   126
       Demon blade       |       |       |       |   503 ||   503
 Fire: Fustibalus        |       |       |       |     8 ||     8
Throw: Stone             |    23 |    30 |   102 |    89 ||   244
       Boomerang         |       |     5 |     4 |    29 ||    38
       Dart              |       |       |       |     3 ||     3
Invok: Heroism           |       |       |     1 |     8 ||     9
       Finesse           |       |       |       |     3 ||     3
  Use: Potion            |       |     1 |     1 |     2 ||     4
       Scroll            |       |     1 |     4 |     5 ||    10
 Stab: Sleeping          |       |       |       |     1 ||     1
Armor: Scale mail        |    35 |    50 |    70 |   102 ||   257
       Chain mail        |       |       |    55 |       ||    55
       Troll leather arm |       |       |       |    14 ||    14
Dodge: Dodged            |    29 |    39 |    94 |   109 ||   271
Block: Buckler           |    16 |    47 |   131 |    41 ||   235
       Reflection        |       |     2 |     5 |    32 ||    39
       Kite shield       |       |       |       |   309 ||   309
